Map: Lightshade LE

Players

Trap - Winner!

  • Race: Protoss Protoss

Has

  • Race: Protoss Protoss

Event: DreamHack SC2 Masters 2021 Fall

VOD

Have the link to the VOD?

Description

Time

  • Played on: Sept. 10, 2021, 9:16 a.m.
  • Length: 3:15

All games in this series

Show
View Real Time Build Order
Export as new Build Order

Trap Protoss - Winner!

Build Orders:  

Get SALT Encoding   

  12  0:00  Probe  
  13  0:12  Probe  
  14  0:19  Pylon  
  14  0:24  Probe  
  15  0:37  Gateway, Probe (Chrono Boost)  
  16  0:47  Assimilator, Probe (Chrono Boost)  
  17  0:52  Probe (Chrono Boost)  
  18  0:58  Assimilator  
  18  1:04  Probe (Chrono Boost)  
  19  1:10  Gateway  
  19  1:16  Probe (Chrono Boost)  
  19  1:26  Cybernetics Core  
  19  1:31  Probe  
  20  1:44  Probe  
  21  1:50  Pylon  
  21  1:56  Probe  
  22  2:06  Stalker (Chrono Boost)  
  26  2:15  Stalker (Chrono Boost)  
  26  2:17  Probe  
  27  2:31  Stalker  
  29  2:42  Robotics Facility  
  31  2:57  Pylon  
  31  3:09  Gateway  
Show
View Real Time Build Order
Export as new Build Order

Has Protoss 

Build Orders:  

Get SALT Encoding   

  12  0:00  Probe  
  13  0:12  Probe  
  14  0:17  Pylon  
  14  0:24  Probe (Chrono Boost)  
  15  0:33  Pylon  
  15  0:36  Probe (Chrono Boost)  
  16  0:44  Probe (Chrono Boost)  
  17  0:52  Forge, Probe  
  18  1:18  Pylon  
  18  1:20  Pylon  
  18  1:21  Pylon  
  18  1:25  Probe (Chrono Boost)  
  18  1:30  Gateway  
  18  1:37  Assimilator, Probe (Chrono Boost)  
  19  1:41  Assimilator  
  19  1:42  Probe (Chrono Boost)  
  20  1:51  Probe  
  21  2:03  Probe  
  21  2:07  Pylon  
  22  2:08  Photon Cannon  
  22  2:10  Pylon  
  22  2:24  Probe  
  23  2:32  Cybernetics Core  
  23  2:36  Nexus  
  23  2:40  Photon Cannon  
  23  2:42  Probe  
  23  2:55  Probe (Chrono Boost)  
  24  3:03  Pylon  
  25  3:06  Probe (Chrono Boost)  

Tags
 
Add a new tag
Caveats
  • Supply blocks, unpowered buildings, or Contaminate may cause inaccurate times.
  • Supply counts are checked every 10 seconds.